 Dungeon Crawl Stone Soup version 0.28.0 (webtiles) character file.

Game seed: 386026578168370841

55 crazypyro the Skirmisher (level 3, -3/39 HPs)
             Began as an Ogre Monk on Feb 14, 2022.
             Succumbed to a gnoll's poison
             ... on level 2 of the Dungeon.
             The game lasted 00:01:04 (1502 turns).

crazypyro the Skirmisher (Ogre Monk)                Turns: 1502, Time: 00:01:05

Health: -3/39      AC:  3    Str: 17    XL:     3   Next: 93%
Magic:  3/3        EV: 10    Int: 11    God:
Gold:   58         SH:  0    Dex: 11    Spells: 2/2 levels left

rFire   . . .      SeeInvis .   a - +0 mace
rCold   . . .      Faith    .   (no shield)
rNeg    . . .      Spirit   .   b - +0 robe
rPois   .          Reflect  .   (helmet restricted)
rElec   .          Harm     .   (no cloak)
rCorr   .          Rampage  .   (gloves unavailable)
Will    .....                   (boots unavailable)
Stlth   ++........              (no amulet)
HPRegen 0.13/turn               (no ring)
MPRegen 0.08/turn               (no ring)

@: lethally poisoned (-3 -> -28)
A: large, unfitting armour, tough skin 1
a: no special abilities


You were on level 2 of the Dungeon.
You visited 1 branch of the dungeon, and saw 2 of its levels.

You collected 58 gold pieces.

Inventory:

Hand Weapons
 a - a +0 mace (weapon)
Armour
 b - a +0 robe (worn)
Potions
 c - a potion of berserk rage {unknown}
 d - a potion of might {unknown}


   Skills:
 - Level 4.1 Fighting
 * Level 4.1 Maces & Flails
 - Level 2.7 Dodging
 - Level 1.5 Stealth


You had 2 spell levels left.
You didn't know any spells.
Your spell library was empty.

Dungeon Overview and Level Annotations

Branches:
Dungeon (2/15)

Altars:

Annotations:
D:2 Terence


Innate Abilities, Weirdness & Mutations

You are too large for most types of armour.
You have tough skin. (AC +1)


Message History

You are too injured to fight recklessly!
You closely miss the gnoll.
The gnoll is heavily wounded.
The gnoll hits you but does no damage. The gnoll completely misses you.
You hit the gnoll.
The gnoll is severely wounded.
The gnoll barely misses you.
You sock the gnoll!
You kill the gnoll!
Your Maces & Flails skill increases to level 4!
You see here a +0 club.
HP restored.
There is a stone staircase leading down, spattered with blood here.
Things that are here:
a +0 club; a +0 whip
(D) Dungeon
Where to? (Enter - D:2, ? - help)
There is a stone staircase leading down, spattered with blood here.
You climb downwards.
Level annotation: Terence
There is a stone staircase leading up, spattered with blood here.
A gnoll is nearby!
A gnoll is nearby!
The gnoll completely misses you.
The gnoll hits you with a +2 spear of venom!
You are poisoned.
You completely miss the gnoll.
You feel very sick.
The gnoll hits you with a +2 spear of venom.
You are lethally poisoned!
The gnoll hits you with a +2 spear of venom.
* * * LOW HITPOINT WARNING * * *
You are more poisoned.
You hit the gnoll but do no damage.
* * * LOW HITPOINT WARNING * * *
You feel extremely sick. The gnoll misses you.
You thump the gnoll!
The gnoll is severely wounded.
You die...

##........#
#.........#
..(.......##
...........#
#..........#
#..........#
.........<.#
...........#
........@..#
.######g#### ... #.#
...... #.# ......
#.# ......#######.##
......#...#....##
..........g.....##
..@.#..............#


You could see a gnoll.

Vanquished Creatures
  3 gnolls (D:1)
  A dart slug (D:1)
  2 ball pythons (D:1)
  An endoplasm (D:1)
  A giant cockroach (D:1)
  3 goblins (D:1)
  A hobgoblin (D:1)
  3 kobolds (D:1)
  A quokka (D:1)
  4 bats (D:1)
  A frilled lizard (D:1)
  5 rats (D:1)
26 creatures vanquished.

Notes
Turn   | Place    | Note
-------+----------+-------------------------------------------
     0 | D:1      | crazypyro the Ogre Monk began the quest for the Orb.
     0 | D:1      | Reached XP level 1. HP: 24/24 MP: 1/1
   198 | D:1      | Reached XP level 2. HP: 29/32 MP: 2/2
   744 | D:1      | Reached XP level 3. HP: 39/39 MP: 3/3
  1229 | D:2      | Noticed Terence
  1502 | D:2      | Succumbed to a gnoll's poison

Illustrated notes

Levels and vault maps discovered:
D:1:      tarquinn_simple_flora_water_f, layout_loops_corners,
          minmay_tromino_v4_b
D:2:      layout_rooms, chequers_serial_rivers_small_b, st_stairs_12,
          amethyst_killhole, chequers_arboretum, uniq_terence

Skill      XL: |  1  2  3 |
---------------+----------+-----
Maces & Flails | 3 4 |  4.1
Fighting       | |  4.1
Dodging        | |  2.7
Stealth        | |  1.5

Action                   || total
-------------------------++-------
Melee: Mace              ||    77
 Stab: Sleeping          ||     1
Armor: Robe              ||    18
Dodge: Dodged            ||    51
